 Dungeon Crawl Stone Soup version 0.18.1-48-g4cf74bf (webtiles) character file.

81 atgrul the Digger (level 4, -2/30 HPs)
             Began as a Formicid Earth Elementalist on July 31, 2016.
             Slain by an orc
             ... wielding a +2 hand axe of electrocution
              (13 damage)
             ... on level 3 of the Dungeon.
             The game lasted 00:05:56 (2395 turns).

atgrul the Digger (Formicid Earth Elementalist)     Turns: 2395, Time: 00:05:56

Health: -2/30      AC:  3    Str: 12    XL:     4   Next: 68%
Magic:  2/7        EV: 12    Int: 16    God:
Gold:   134        SH:  0    Dex: 11    Spells: 1 memorised, 6 levels left

rFire  . . .     SeeInvis +     g - +1 dagger (speed)
rCold  . . .     Gourm    .     a - +0 robe
rNeg   . . .     Faith    .     (no shield)
rPois  .         Spirit   .     (helmet unavailable)
rElec  .         Dismiss  .     l - +0 cloak
rCorr  .         Reflect  .     (no gloves)
SustAt .         Harm     .     (no boots)
MR     .....                    (no amulet)
Stlth  ++........               (no ring)
                                (no ring)

@: not resistant to hostile enchantments, unstealthy
A: permanent stasis, dig shafts and tunnels, four strong arms, antennae 3
a: Dig, Shaft Self


You were on level 3 of the Dungeon.
You were not hungry.

You visited 1 branch of the dungeon, and saw 3 of its levels.

You collected 134 gold pieces.

Inventory:

Hand Weapons
 e - a +0 short sword
 g - a +1 dagger of speed (weapon)
Missiles
 b - 60 stones (quivered)
Armour
 a - a +0 robe (worn)
 l - a +0 cloak (worn)
Wands
 t - a wand of polymorph (9/24)
Scrolls
 f - 2 scrolls of fear {unknown}
 j - a scroll of fog {unknown}
 k - 2 scrolls of remove curse {unknown}
 p - a scroll of blinking {unknown}
 q - a scroll of random uselessness {unknown}
 r - a scroll of identify {unknown}
 s - a scroll of immolation {unknown}
Potions
 h - a potion of agility {unknown}
 i - 2 potions of curing {unknown}
 o - a potion of cancellation {unknown}
Books
 c - a book of Geomancy

   Spells                             Type                      Level
   a - Sandblast                      Earth                        1
   b - Passwall                       Transmutation/Earth          2
   c - Stone Arrow                    Conjuration/Earth            3
   d - Petrify                        Transmutation/Earth          4
   e - Lee's Rapid Deconstruction     Earth                        5
Comestibles
 d - a bread ration
 m - 2 fruits


   Skills:
 - Level 1.7 Dodging
 - Level 2.4 Stealth
 - Level 2.1 Spellcasting
   Level 1.1 Transmutations
 + Level 6.1 Earth Magic


You had 6 spell levels left.
You knew the following spells:

 Your Spells              Type           Power        Failure   Level  Hunger
a - Sandblast             Erth           ###...       1%          1    #......


Dungeon Overview and Level Annotations

Branches:
Dungeon (3/15)

Altars:
Okawaru
Qazlal
The Shining One


Innate Abilities, Weirdness & Mutations

You are under a permanent stasis effect.
You can dig through walls and to a lower floor.
Your four strong arms can wield two-handed weapons with a shield.
You have a pair of large antennae on your head (SInv).


Message History

The orc barely misses you. The orc misses you.
Casting: Sandblast
Confirm with . or Enter, or press ? or * to list all spells.
Aiming: Sandblast
Press: ? - help, Shift-Dir - straight line, f/p - orc
Aim: an orc, wielding a hand axe and wearing a ring mail (lightly wounded)
The blast of sand hits the orc.
The orc is lightly wounded.
The orc closely misses you.
The orc hits you with a hand axe of electrocution.
You are electrocuted!
Ouch! That really hurt!
Casting: Sandblast
Confirm with . or Enter, or press ? or * to list all spells.
Aiming: Sandblast
Press: ? - help, Shift-Dir - straight line, f - orc, p - orc
Aim: an orc, wielding a hand axe of electrocution
Okay, then.
The orc hits you but does no damage.
You are electrocuted!
You die...

.. #......(...o( ###..
#.....)..{{..
.....#..... #.....#
.... ##..###.....# ....
_...._#..(###
#.#.##8..8##...#
###.##.#...#.....#
#...##...###o....#
###..........@o....#
####...............#.##
#....#.............#.#
#.##.#........<....#.#
#.##.#.............#.#
#<##.#........(....#.#
##########.##+######.#
#.# .# #.#


You could see 2 orcs.

Vanquished Creatures
  2 adders (D:2)
  An ooze (D:2)
  2 dart slugs
  A giant gecko (D:1)
  2 orcs (D:3)
  3 giant cockroaches
  8 hobgoblins
  6 jackals
  5 kobolds
  4 bats
  4 giant newts
  7 goblins
  2 rats (D:1)
47 creatures vanquished.

Notes
Turn   | Place    | Note
--------------------------------------------------------------
     0 | D:1      | atgrul the Formicid Earth Elementalist began the quest for the Orb.
     0 | D:1      | Reached XP level 1. HP: 13/13 MP: 3/3
    33 | D:1      | Reached skill level 4 in Earth Magic
   285 | D:1      | Reached XP level 2. HP: 10/19 MP: 0/5
  1032 | D:1      | Reached XP level 3. HP: 24/24 MP: 4/6
  1252 | D:1      | Reached skill level 5 in Earth Magic
  1760 | D:2      | Reached XP level 4. HP: 30/30 MP: 2/7
  1995 | D:2      | Reached skill level 6 in Earth Magic
  2083 | D:2      | Found a stormy altar of Qazlal.
  2348 | D:3      | Found a glowing golden altar of the Shining One.
  2351 | D:3      | Found an iron altar of Okawaru.
  2395 | D:3      | Slain by an orc

Skill      XL: |  1  2  3  4 |
---------------+-------------+-----
Earth Magic    | 4 5 6 |  6.1
Dodging        | |  1.7
Stealth        | |  2.4
Spellcasting   | |  2.1
Transmutations | |  1.1

Action                   |  1- 3 |  4- 6 || total
-------------------------+-------+-------++-------
Melee: Unarmed           |    25 |       ||    25
       Dagger            |    21 |     5 ||    26
Throw: Stone             |     7 |    10 ||    17
 Cast: Sandblast         |    50 |    29 ||    79
  Eat: Chunk             |     3 |     2 ||     5
       Fruit             |       |     1 ||     1
Armor: Robe              |    12 |     3 ||    15
Dodge: Dodged            |    35 |    19 ||    54
